 Dungeon Crawl Stone Soup version 0.19.1-1-g22dce08 (webtiles) character file.

567 Alarkh the Cleaver (level 7, -1/57 HPs)
             Began as a Yellow Draconian Berserker on Jan 4, 2017.
             Was a Priest of Trog.
             Slain by a hound skeleton (2 damage)
             ... on level 5 of the Dungeon.
             The game lasted 00:05:48 (3403 turns).

Alarkh the Cleaver (Yellow Draconian Berserker)     Turns: 3403, Time: 00:05:49

Health: -1/57      AC:  7    Str: 20    XL:     7   Next: 11%
Magic:  0/7        EV: 12    Int:  9    God:    Trog [***...]
Gold:   42         SH:  0    Dex: 10    Spells: 0 memorised, 6 levels left

rFire  . . .     SeeInvis +     a - +0 hand axe
rCold  . . .     Gourm    .     (armour unavailable)
rNeg   . . .     Faith    .     (no shield)
rPois  +         Spirit   +     (helmet restricted)
rElec  .         Reflect  .     (no cloak)
rCorr  +         Harm     .     n - +0 pair of gloves
MR     .....                    (no boots)
Stlth  +.........               w - amulet of guardian spirit
                                q - ring of poison resistance
                                d - ring of see invisible

@: exhausted, starving, slowed, very slow
A: spit acid, acid resistance, unfitting armour, cold-blooded, AC +6
a: Spit Acid, Berserk, Trog's Hand, Burn Spellbooks, Renounce Religion


You were on level 5 of the Dungeon.
You worshipped Trog.
Trog was most pleased with you.
You were starving.

You visited 1 branch of the dungeon, and saw 5 of its levels.

You collected 444 gold pieces.
You spent 402 gold pieces at shops.

Inventory:

Hand Weapons
 a - a +0 hand axe (weapon)
Armour
 n - a +0 pair of gloves (worn)
Jewellery
 d - a ring of see invisible (left hand)
 o - an uncursed ring of flight
 q - a ring of poison resistance (right hand)
 v - an uncursed ring of wizardry
 w - an amulet of guardian spirit (around neck)
 D - a +2 amulet of reflection
Wands
 p - a wand of lightning (5/15)
 B - a wand of acid (7/15)
Scrolls
 c - a scroll of teleportation
 e - a scroll of identify
 h - 2 scrolls of magic mapping
 j - 4 scrolls of remove curse
 k - 2 scrolls of enchant armour {unknown}
 t - a scroll of recharging {unknown}
 x - a scroll of enchant weapon {unknown}
 y - a scroll of fog {unknown}
Potions
 i - 3 potions of curing
 l - a potion of might
 r - a potion of berserk rage {unknown}
 s - a potion of mutation {unknown}
 u - a potion of beneficial mutation {unknown}
 z - a potion of flight {unknown}
 A - a potion of invisibility {unknown}
 C - a potion of agility {unknown}
Comestibles
 b - 3 bread rations
 g - 2 fruits
 m - 2 meat rations


   Skills:
 - Level 3.2 Fighting
 + Level 8.2 Axes
 - Level 2.6 Dodging


You had 6 spell levels left.
You didn't know any spells.

Dungeon Overview and Level Annotations

Branches:
Dungeon (5/15)
 Temple: D:4-7

Altars:
Ashenzari
Cheibriados
The Shining One

Shops:
D:4 *??*[

Annotations:
D:5 Yoshimo's ghost, amateur FeEn


Innate Abilities, Weirdness & Mutations

You can spit globs of acid.
You are resistant to acid.
Your golden yellow scales are hard. (AC +6)
You cannot fit into any form of body armour.
You are cold-blooded and may be slowed by cold attacks.


Message History

You hit the orc but do no damage.
The orc is moderately wounded.
You hit the hound skeleton. You closely miss the orc.
The hound skeleton bites you.
* * * LOW HITPOINT WARNING * * *
The orc closely misses you. x2; The hound skeleton bites you.
The orc closely misses you. x2
You hit the orc but do no damage.
The orc is moderately wounded.
You hit the hound skeleton. You hit the orc.
You kill the orc!
Trog accepts your kill.
The hound skeleton bites you but does no damage.
The orc completely misses you.
You hit the orc.
You kill the orc!
Trog accepts your kill.
You hit the crimson imp but do no damage.
You barely miss the hound skeleton. The hound skeleton bites you.
You die...

### .# #. ... ##
###.## ###. #.#
....... .. ..###.#
.#...# ... ...#.#
.... ... ..#.##
#..# ..# #.#...
#.Z#...#.#####.#...
#)@)o............##
#5##.....#.###...#
#)# .##.# #...# #)#
# #...# #.# #.
#...# #.#
##.o.###?..# #.#
...........# #(#
##oo####>.## #.#
...#


You could see a crimson imp, an orc and a hound skeleton.

Vanquished Creatures
  An orc warrior (D:5)
  A scorpion (D:4)
  An orc priest (D:2)
  Natasha (thrice) (D:4)
  An iguana (D:5)
  4 worker ants
  3 gnolls (D:3)
  6 adders
  A shadow imp (D:5)
  A white imp (D:5)
  3 worms
  A dart slug (D:1)
  6 leopard geckos
  8 orcs
  7 giant cockroaches
  8 goblins
  7 hobgoblins
  2 jackals (D:2)
  3 kobolds
  2 ball pythons
  11 bats
  A frilled lizard (D:2)
  A goblin skeleton (D:5)
  2 goblin zombies (D:5)
  A hobgoblin zombie (D:5)
  2 kobold skeletons (D:5)
  A kobold zombie (D:5)
  A leopard gecko skeleton (D:4)
  2 orc skeletons (D:5)
  2 orc zombies (D:5)
  5 rats
98 creatures vanquished.

Notes
Turn   | Place    | Note
-------+----------+-------------------------------------------
     0 | D:1      | Alarkh the Draconian Berserker began the quest for the Orb.
     0 | D:1      | Reached XP level 1. HP: 19/19 MP: 1/1
    32 | D:1      | Found a snail-covered altar of Cheibriados.
   312 | D:1      | Reached XP level 2. HP: 17/26 MP: 2/2
   459 | D:1      | Reached ** piety under Trog
   459 | D:1      | Reached skill level 4 in Axes
   659 | D:2      | Reached XP level 3. HP: 27/31 MP: 3/3
  1220 | D:3      | Reached XP level 4. HP: 21/38 MP: 4/4
  1238 | D:2      | Reached skill level 5 in Axes
  1669 | D:3      | Reached XP level 5. HP: 32/45 MP: 5/5
  1778 | D:3      | Reached *** piety under Trog
  1804 | D:3      | Reached skill level 6 in Axes
  2216 | D:4      | Found Wuuczyto's Magic Scroll Boutique.
  2216 | D:4      | Noticed Natasha
  2218 | D:4      | Killed Natasha
  2239 | D:4      | Bought a scroll of identify for 24 gold pieces
  2239 | D:4      | Bought a scroll of magic mapping for 42 gold pieces
  2282 | D:4      | Found Ycsured's Assorted Antiques.
  2302 | D:4      | Reached XP level 6. HP: 20/51 MP: 6/6
  2309 | D:4      | Bought a runed peridot ring for 120 gold pieces
  2309 | D:4      | Bought a dented fluorescent amulet for 120 gold pieces
  2309 | D:4      | Bought a scroll labeled TYMUIT BUNT for 24 gold pieces
  2309 | D:4      | Bought a scroll labeled ENWAN RAF MIUQU for 24 gold pieces
  2309 | D:4      | Bought a pink potion for 21 gold pieces
  2377 | D:4      | Noticed Natasha
  2390 | D:4      | Killed Natasha
  2764 | D:4      | Noticed Natasha
  2774 | D:4      | Killed Natasha
  2774 | D:4      | Reached skill level 7 in Axes
  2782 | D:4      | Found a shattered altar of Ashenzari.
  2873 | D:4      | Found Uptossec's Assorted Antiques.
  2892 | D:4      | Bought a brown potion for 27 gold pieces
  2992 | D:4      | Found Voocues's Magic Scroll Shoppe.
  3113 | D:4      | Found Guutueti's Armour Shoppe.
  3203 | D:5      | Entered Level 5 of the Dungeon
  3256 | D:5      | Found a glowing golden altar of the Shining One.
  3298 | D:5      | Noticed Yoshimo's ghost (amateur FeEn)
  3368 | D:5      | Noticed an orc warrior
  3380 | D:5      | Killed an orc warrior
  3380 | D:5      | Reached skill level 8 in Axes
  3380 | D:5      | Your scales start taking on a golden yellow colour.
  3380 | D:5      | Reached XP level 7. HP: 41/57 MP: 4/7
  3400 | D:5      | HP: 1/57 [hound skeleton (3)]
  3403 | D:5      | Slain by a hound skeleton

Skill      XL: |  1  2  3  4  5  6 |
---------------+-------------------+-----
Axes           | 4 5 6 8 |  8.2
Fighting       | |  3.2
Dodging        | |  2.6

Action                   |  1- 3 |  4- 6 |  7- 9 || total
-------------------------+-------+-------+-------++-------
Melee: Hand axe          |   166 |   216 |    18 ||   400
       Tailslap          |    22 |    21 |     2 ||    45
Invok: Berserk           |       |     6 |       ||     6
  Use: Scroll            |       |     5 |       ||     5
       Potion            |       |     2 |       ||     2
 Stab: Sleeping          |     1 |       |       ||     1
  Eat: Chunk             |     1 |    10 |       ||    11
       Fruit             |       |     1 |       ||     1
Armor: Skin              |    69 |    53 |    17 ||   139
Dodge: Dodged            |   118 |   119 |    23 ||   260
